Description

Replay - lIIllllIIlll v TSGSolar - 카이로스 정션 - 래더

Build Order

Get SALT Encoding   

  12  0:00  SCV  
  13  0:12  SCV  
  14  0:16  Supply Depot  
  14  0:24  SCV  
  14  0:27  Refinery  
  15  0:38  SCV  
  16  0:44  Barracks  
  16  0:50  SCV  
  17  1:02  SCV  
  18  1:14  SCV  
  19  1:30  Orbital Command  
  19  1:31  Reaper  
  20  1:41  Command Center  
  20  1:52  Factory  
  20  1:56  SCV  
  21  2:05  Barracks Reactor  
  21  2:08  SCV  
  21  2:12  Supply Depot  
  21  2:13  Refinery  
  22  2:20  SCV  
  24  2:41  Starport  
  24  2:45  Hellion x2  
  29  2:53  Barracks Tech Lab  
  29  2:54  Orbital Command  
  30  3:08  Hellion x2  
  35  3:18  Marine  
  37  3:22  Cloaking Field  
  37  3:26  Banshee  
  40  3:31  Supply Depot  
  41  3:37  Barracks Tech Lab  
  44  3:55  Supply Depot  
  44  3:56  Stimpack  
  46  4:07  Command Center  
  46  4:10  Banshee  
  46  4:13  Marine  
  52  4:22  Factory Reactor  
  52  4:25  Barracks  
  54  4:33  Barracks  
  54  4:40  Supply Depot  
  54  4:41  Marine  
  57  4:48  Engineering Bay x2  
  59  4:59  Marine  
  60  5:02  Starport Reactor  
  60  5:04  Refinery x2  
  62  5:14  Marine x2  
  62  5:16  Siege Tank  
  62  5:17  Terran Infantry Weapons Level 1  
  62  5:21  Orbital Command  
  69  5:24  Terran Infantry Armor Level 1  
  69  5:31  Marine x3  
  74  5:36  Marine  
  78  5:48  Siege Tank  
  81  5:53  Orbital Command  
  85  6:01  Medivac x2  
  93  6:12  Combat Shield  
  91  6:23  Siege Tank  
  97  6:29  Refinery  
  105  6:44  Armory  
  109  6:59  Siege Tank  
  109  7:01  Medivac x2  
  121  7:19  Factory, Barracks x2  
  121  7:23  Refinery  
  128  7:36  Terran Infantry Weapons Level 2  
  129  7:37  Terran Infantry Armor Level 2  
  129  7:45  Siege Tank  
  135  7:54  Terran Vehicle And Ship Armor Level 1  
  140  8:04  Command Center  
  140  8:06  Barracks Reactor x2  
  140  8:09  Drilling Claws  
  140  8:10  Factory Reactor  
  140  8:13  Medivac  
  146  8:22  Widow Mine  
  146  8:26  Medivac  
  147  8:27  Marauder  
  151  8:41  Barracks x3  
  151  8:45  Widow Mine x3  
  157  8:53  Medivac x2  
  157  8:54  Marauder  
  164  9:13  Widow Mine x3  
  164  9:16  Marauder  
  179  9:23  Medivac x2  
  184  9:29  Barracks Tech Lab x3  
  186  9:37  Marauder  
  188  9:40  Widow Mine x3  
  194  9:57  Terran Infantry Weapons Level 3, Terran Infantry Armor Level 3  
Spawning Tool Build Advisor. Get it on Overwolf

Go to:

Details

  • Created by: Kastanje
  • Published on: Sep 03, 2019
  • Modified on: Sep 03, 2019
  • Patch: 4.7.1
Show
View Real Time Build Order
Export as new Build Order

Comments (0)

There are no comments. Be the first!

Create an account to comment!